 Dungeon Crawl Stone Soup version 0.25-a0-589-g1e14c54 (webtiles) character file.

Game seed: 16475233930903290469, levelgen mode: deterministic

114 relicbr the Digger (level 4, 0/24 HPs)
             Began as a Deep Elf Earth Elementalist on Mar 10, 2020.
             Killed by divine providence
             ... invoked by an orc priest
              (9 damage)
             ... on level 3 of the Dungeon.
             The game lasted 00:04:00 (2136 turns).

relicbr the Digger (Deep Elf Earth Elementalist)    Turns: 2136, Time: 00:04:01

Health: 0/24       AC:  5    Str:  5    XL:     4   Next: 66%
Magic:  3/10       EV: 12    Int: 21    God:
Gold:   83         SH:  0    Dex: 15    Spells: 5/9 levels left

rFire    + . .     SeeInvis .   l - +2 flail (protect)
rCold    . . .     Gourm    .   (no shield)
rNeg     . . .     Faith    .   r - +0 leather armour
rPois    .         Spirit   .   (no helmet)
rElec    .         Reflect  .   (no cloak)
rCorr    .         Harm     .   (no gloves)
MR       .....                  (no boots)
Stlth    ++........             (no amulet)
HPRegen  0.08/turn              c - +2 ring of protection
MPRegen  0.12/turn              s - ring of protection from fire

@: very slightly contaminated
A: no striking features
a: no special abilities


You were on level 3 of the Dungeon.
You were not hungry.

You visited 1 branch of the dungeon, and saw 3 of its levels.

You collected 83 gold pieces.

Inventory:

Hand Weapons
 l - a +2 flail of protection (weapon)
Missiles
 a - a poisoned dart (quivered)
Armour
 r - a +0 leather armour (worn)
Jewellery
 c - a +2 ring of protection (left hand)
 h - an uncursed ring of see invisible
 s - a ring of protection from fire (right hand)
Scrolls
 e - a scroll of noise {unknown}
 f - a scroll of teleportation {unknown}
 i - a scroll of fear {unknown}
 k - a scroll of identify {unknown}
 m - a scroll of random uselessness {unknown}
 n - 2 scrolls of enchant armour {unknown}
 p - a scroll of magic mapping {unknown}
Potions
 g - a potion of might {unknown}
 j - 2 potions of magic {unknown}
 o - a potion of brilliance {unknown}
 q - a potion of haste {unknown}
Comestibles
 d - 7 rations
 t - 2 chunks of flesh


   Skills:
 - Level 2.4 Dodging
 - Level 2.4 Stealth
 - Level 3.0 Spellcasting
   Level 1.1 Transmutations
 * Level 6.0 Earth Magic


You had 5 spell levels left.
You knew the following spells:

 Your Spells              Type           Power        Failure   Level  Hunger
a - Sandblast             Erth           ####..       1%          1    None
b - Stone Arrow           Conj/Erth      ###...       19%         3    ###....

Your spell library contained the following spells:

 Spells                   Type           Power        Failure   Level  Hunger
 Passwall                 Tmut/Erth      ###.....     8%          2    ##.....
 Petrify                  Tmut/Erth      ###.....     45%         4    ####...
 Lee's Rapid Deconstruct  Erth           ####......   45%         5    ######.


Dungeon Overview and Level Annotations

Branches:
Dungeon (3/15)

Altars:
Zin


Message History

Casting: Sandblast (safe; 1% risk of failure)
Confirm with . or Enter, or press ? or * to list all spells.
Aiming: Sandblast (safe; 1% risk of failure)
Press: ? - help, Shift-Dir - straight line, f/p - orc
Aim: an orc, wielding a +0 club You don't have any stones to cast with.
Casting: Sandblast (safe; 1% risk of failure)
Confirm with . or Enter, or press ? or * to list all spells.
Okay, then.
Casting: Sandblast (safe; 1% risk of failure)
Confirm with . or Enter, or press ? or * to list all spells.
Aiming: Stone Arrow (safe; 19% risk of failure)
Press: ? - help, Shift-Dir - straight line, f/p - orc
Aim: an orc, wielding a +0 club You miscast Stone Arrow.
You are very lightly contaminated with residual magic.
You hear a distant rumble.
The orc priest invokes the aid of Beogh against you.
Beogh smites you!
You die...

######..###......#
............#####.
#####..##### #. #..#
#÷ ####..# #. #
#.....# #. #. #.###.#
#. ##.###.###.# #.
#...@oo....# #.
#..###.##..# #. #.
#.......# #. #
#...)...#########.
#.÷..............<
#...o......#######...
#...)$....## #.#.
#...o.....# #....
##..##...... ...#..


You could see an orc priest and an orc.

Vanquished Creatures
  4 gnolls (D:2)
  3 adders (D:2)
  2 dart slugs
  2 leopard geckos
  An orc (D:3)
  2 bats
  2 giant cockroaches (D:1)
  4 goblins
  5 hobgoblins
  A quokka (D:3)
  3 frilled lizards
  8 kobolds
  8 rats
45 creatures vanquished.

Notes
Turn   | Place    | Note
-------+----------+-------------------------------------------
     0 | D:1      | relicbr the Deep Elf Earth Elementalist began the quest for
                  | the Orb.
     0 | D:1      | Reached XP level 1. HP: 10/10 MP: 6/6
   368 | D:1      | Reached skill level 4 in Earth Magic
   368 | D:1      | Reached XP level 2. HP: 12/15 MP: 6/8
   961 | D:2      | Found a glowing silver altar of Zin.
   987 | D:2      | Reached XP level 3. HP: 19/19 MP: 6/9
   991 | D:2      | Reached skill level 5 in Earth Magic
  1132 | D:2      | Reached XP level 4. HP: 17/24 MP: 10/10
  1641 | D:2      | Learned a level 3 spell: Stone Arrow
  1921 | D:2      | Reached skill level 6 in Earth Magic
  2136 | D:3      | Killed from afar by an orc priest

Levels and vault maps discovered:
D:1:      heliophobic_arrival_glass_houses, layout_basic
D:2:      layout_basic, zin_statuary, first_ration
D:3:      layout_loops_ring, goddamned_bats

Skill      XL: |  1  2  3  4 |
---------------+-------------+-----
Earth Magic    | 4 5 6 |  6.0
Dodging        | |  2.4
Stealth        | |  2.4
Spellcasting   | |  3.0
Transmutations | |  1.1

Action                   |  1- 3 |  4- 6 || total
-------------------------+-------+-------++-------
Melee: Short sword       |    37 |       ||    37
       Unarmed           |     1 |       ||     1
       Flail             |     7 |    51 ||    58
Throw: Dart              |     1 |       ||     1
       Stone             |     1 |       ||     1
 Cast: Sandblast         |    26 |     9 ||    35
 Stab: Sleeping          |     4 |     6 ||    10
  Eat: Chunk             |       |     4 ||     4
Armor: Robe              |     3 |     6 ||     9
       Leather armour    |       |    17 ||    17
Dodge: Dodged            |    24 |    44 ||    68

Table legend:
 A = Non-vault XP
 B = Vault XP
 C = Vault XP percentage of total XP
 D = Non-vault monster count
 E = Vault monster count
 F = Vault count percentage of total count
                 A         B        C        D         E       F
            +---------+---------+-------+---------+---------+-------
      Total |     163 |       0 |   0.0 |      45 |       0 |   0.0
            +---------+---------+-------+---------+---------+-------
        D:1 |      26 |       0 |   0.0 |      14 |       0 |   0.0
        D:2 |     128 |       0 |   0.0 |      27 |       0 |   0.0
        D:3 |       9 |       0 |   0.0 |       4 |       0 |   0.0
            +---------+---------+-------+---------+---------+-------
